 Dungeon Crawl Stone Soup version 0.20.1-1-g8b1a95d (webtiles) character file.

3655 vatarom the Carver (level 9, -4/69 HPs)
             Began as a Demonspawn Gladiator on Sept 15, 2017.
             Was a Believer of Ru.
             Slain by a wolf (7 damage)
             ... on level 8 of the Dungeon.
             The game lasted 00:18:42 (9932 turns).

vatarom the Carver (Demonspawn Gladiator)           Turns: 9932, Time: 00:18:43

Health: -4/69      AC:  9    Str: 22    XL:     9   Next: 88%
Magic:  9/9        EV: 16    Int: 10    God:    Ru [**....]
Gold:   441        SH:  5    Dex: 18    Spells: 8/8 levels left

rFire    . . .     SeeInvis +   a - +0 long sword
rCold    . . .     Gourm    +   u - +0 buckler
rNeg     . . .     Faith    .   b - +1 leather armour
rPois    .         Spirit   .   c - +1 helmet
rElec    .         Reflect  .   m - +0 cloak
rCorr    .         Harm     .   (no gloves)
MR       .....                  (no boots)
Stlth    +.........             B - amulet of the gourmand
Regen    0.3/turn               e - ring of see invisible
MPRegen  0.2/turn               A - +3 ring of strength

@: mighty, very slightly contaminated, hasted, invisible, very quick
A: molten scales 1, demonic guardian 1, deterioration 1, sense surroundings 1,
powered by pain 1, screaming 1, wild magic 1, unskilled 1
a: Renounce Religion


You were on level 8 of the Dungeon.
You worshipped Ru.
Ru was pleased with you.
You were completely stuffed.

You visited 2 branches of the dungeon, and saw 10 of its levels.
You also visited: Sewer.

You collected 441 gold pieces.

Inventory:

Hand Weapons
 a - a +0 long sword (weapon)
Missiles
 t - 13 javelins (quivered)
Armour
 b - a +1 leather armour (worn)
 c - a +1 helmet (worn)
 m - a +0 cloak (worn)
 r - a cursed +0 leather armour
 u - a +0 buckler (worn)
Jewellery
 e - a ring of see invisible (left hand)
 A - a +3 ring of strength (right hand)
 B - an amulet of the gourmand (around neck)
Wands
 n - a wand of random effects (36/48)
 w - a wand of disintegration (9/24)
 y - a wand of lightning (7/15)
 z - a wand of confusion (29/48)
 E - a wand of disintegration (8/24)
Scrolls
 d - a scroll of teleportation
 h - 2 scrolls of identify
 k - 2 scrolls of remove curse
 C - 2 scrolls of enchant armour
 D - 2 scrolls of amnesia
 F - 2 scrolls of fog
Potions
 p - 2 potions of agility
 v - a potion of cancellation
 x - 2 potions of flight
Comestibles
 f - 3 bread rations
 g - 2 royal jellies
 j - 4 meat rations
 l - 2 chunks of flesh


   Skills:
 * Level 5.8 Fighting
 + Level 8.2 Long Blades
 - Level 3.6 Throwing
 + Level 5.9 Dodging
 - Level 3.6 Shields


You had 8 spell levels left.
You didn't know any spells.

Dungeon Overview and Level Annotations

Branches:
Dungeon (9/15)             Temple (1/1) D:6
   Lair: D:8-11         Orc: D:9-12

Altars:
Ashenzari
Cheibriados
Dithmenos
Elyvilon
Gozag
Hepliaklqana
Kikubaaqudgha
Makhleb
Nemelex Xobeh
Okawaru
Qazlal
Ru
Sif Muna
Trog
Uskayaw
Vehumet
Xom
Yredelemnul
Zin
The Shining One

Shops:
D:4 *   D:5 %


Innate Abilities, Weirdness & Mutations

You are partially covered in molten scales. (AC +2)
A weak demonic guardian rushes to your aid.
You sometimes gain a little power by taking damage.
You are somewhat unskilled. (-1 Apt)
Your body sometimes deteriorates upon taking damage.
You passively map a small area around you.
You occasionally shout uncontrollably at your foes.
Your spells are a little harder to cast, but a little more powerful.


Message History

You kill Erica!
You feel your intelligence returning.
Your Fighting skill increases to level 5!
Your Long Blades skill increases to level 8!
The wolf barely misses you.
You riposte.
You barely miss the wolf.
The sky beast moves out of view.
The wolf bites you.
* * * LOW HITPOINT WARNING * * *
You hit the wolf.
The wolf is lightly wounded.
The wolf bites you.
* * * LOW HITPOINT WARNING * * *
Unknown command.
You fade into invisibility!
The wolf misses you.
You riposte.
You hit the wolf but do no damage.
The wolf is lightly wounded.
You are very lightly contaminated with residual magic.
Unknown command.
You feel very mighty all of a sudden. The wolf bites you!
You die...

#.<....#............#, .
, #......#............#
.. #......#............#
.[.
#......#######(######Y...
#......#* ,#.†.......###*
#......#, #(........'..
#......+ ,#..)......#.
#......#, ,#.........#, ,
#......######..@h5....#
#......#............### ,
#......'...>........# ,,,
#......#)...........+ ,
########............# ,
#............#
#............#
#....(.......# ,,
##############


You could see a sky beast, a wolf and a friendly iron imp.

Vanquished Creatures
  Erica (D:8)
  An orc warrior (D:6)
  The ghost of appiemonkey the Scratcher, an amateur FeTm (D:5)
  An ice beast (D:6)
  A phantom (D:5)
  2 sky beasts
  5 ogres
  3 centaurs
  2 wolves (D:7)
  A big kobold (Sewer)
  2 scorpions
  A howler monkey (D:5)
  2 crimson imps (D:5)
  3 hounds
  A bullfrog zombie (D:5)
  7 orc wizards
  An orc priest (D:9)
  3 bullfrog skeletons
  3 jellies
  8 worker ants
  Ijyb (D:3)
  2 iguanas
  7 gnolls
  2 river rats (D:5)
  9 adders
  An ooze (D:2)
  An adder zombie (D:7)
  An adder skeleton (D:4)
  5 worms
  4 dart slugs
  A leopard gecko (D:2)
  18 orcs
  A ball python (D:5)
  8 giant cockroaches
  6 goblins
  10 hobgoblins
  14 jackals
  6 kobolds
  6 quokkas
  7 bats
  8 frilled lizards
  A leopard gecko skeleton (D:5)
  12 rats
180 creatures vanquished.

Vanquished Creatures (collateral kills)
  A phantom (D:6)
  3 sky beasts
  A necrophage (D:8)
  A wolf (D:8)
  A bullfrog (D:8)
  A crimson imp (D:5)
  A hound (D:3)
  An orc wizard (D:6)
  An adder (D:5)
  3 orcs
  A giant cockroach (D:5)
  A jackal (D:6)
  A kobold (Sewer)
17 creatures vanquished.

Vanquished Creatures (others)
  3 orcs
  2 jackals (D:6)
5 creatures vanquished.

Grand Total: 202 creatures vanquished

Notes
Turn   | Place    | Note
-------+----------+-------------------------------------------
     0 | D:1      | vatarom the Demonspawn Gladiator began the quest for the Orb.
     0 | D:1      | Reached XP level 1. HP: 16/16 MP: 1/1
    62 | D:1      | Reached skill level 3 in Long Blades
    70 | D:1      | Gained mutation: You are partially covered in molten scales. (AC +2) [demonic ancestry]
    70 | D:1      | Reached XP level 2. HP: 15/22 MP: 2/2
   688 | D:2      | Gained mutation: A weak demonic guardian rushes to your aid. [demonic ancestry]
   688 | D:2      | Reached XP level 3. HP: 27/28 MP: 3/3
  1438 | D:2      | Reached skill level 4 in Long Blades
  1438 | D:2      | Reached XP level 4. HP: 32/35 MP: 4/4
  2168 | D:3      | Reached XP level 5. HP: 26/41 MP: 5/5
  2466 | D:3      | Noticed Ijyb
  2477 | D:3      | Killed Ijyb
  2561 | D:3      | Found a radiant altar of Vehumet.
  3067 | D:4      | Reached skill level 5 in Long Blades
  3201 | D:4      | Noticed a sky beast
  3232 | D:4      | Killed a sky beast
  3232 | D:4      | Gained mutation: You sometimes gain a little power by taking damage. [demonic ancestry]
  3232 | D:4      | Reached XP level 6. HP: 48/48 MP: 6/6
  3362 | D:4      | Found an opulent altar of Gozag.
  3632 | D:4      | Found Gozag's Platinum Reserve.
  4212 | D:5      | Entered Level 5 of the Dungeon
  4285 | D:5      | Found a shimmering altar of Xom.
  4285 | D:5      | Noticed an angel
  4296 | D:5      | Reached skill level 1 in Shields
  4352 | D:5      | Reached XP level 7. HP: 36/54 MP: 7/7
  4467 | D:5      | Found a glowing drain.
  4488 | Sewer    | Entered a sewer
  4665 | Sewer    | Found a glowing silver altar of Zin.
  4755 | D:5      | Found a glowing silver altar of Zin.
  4810 | D:5      | Reached skill level 6 in Long Blades
  4836 | D:5      | Noticed appiemonkey's ghost (amateur FeTm)
  4846 | D:5      | Killed appiemonkey's ghost
  5295 | D:5      | Reached XP level 8. HP: 35/60 MP: 8/8
  5575 | D:5      | Found Fidwos's Food Boutique.
  5692 | D:5      | Found a white marble altar of Elyvilon.
  5871 | D:5      | Found a snail-covered altar of Cheibriados.
  6061 | D:6      | Reached skill level 7 in Long Blades
  6426 | D:6      | Reached skill level 5 in Dodging
  6732 | D:6      | Found a shattered altar of Ashenzari.
  6787 | D:6      | Found a bloodstained altar of Trog.
  6865 | D:6      | Found a staircase to the Ecumenical Temple.
  6878 | Temple   | Entered the Ecumenical Temple
  6911 | Temple   | Became a worshipper of Ru the Awakened
  7070 | D:6      | Found an iron altar of Okawaru.
  7576 | D:7      | Reached XP level 9. HP: 65/65 MP: 9/9
  7673 | D:7      | Reached skill level 8 in Long Blades
  7777 | D:7      | Gained mutation: You occasionally shout uncontrollably at your foes. [potion of mutation]
  7777 | D:7      | Gained mutation: Your body sometimes deteriorates upon taking damage. [potion of mutation]
  7777 | D:7      | Gained mutation: Your spells are a little harder to cast, but a little more powerful. [potion of mutation]
  7777 | D:7      | Gained mutation: You passively map a small area around you. [potion of mutation]
  8219 | D:8      | Noticed a two-headed ogre
  8220 | D:8      | Noticed Erica
  9371 | D:9      | Gained mutation: You are somewhat unskilled. (-1 Apt) [Ru sacrifice]
  9371 | D:9      | Reduced skill Long Blades to level 7
  9371 | D:9      | Reached * piety under Ru
  9371 | D:9      | Reached ** piety under Ru
  9928 | D:8      | Killed Erica
  9928 | D:8      | Reached skill level 5 in Fighting
  9928 | D:8      | Reached skill level 8 in Long Blades
  9929 | D:8      | HP: 3/69 [wolf (3)]
  9932 | D:8      | Slain by a wolf

Skill      XL: |  1  2  3  4  5  6  7  8  9 |
---------------+----------------------------+-----
Long Blades    | 3 4 5 6 7 8 |  8.2
Fighting       | 3 4 5 |  5.8
Dodging        | 3 4 5 |  5.9
Shields        | 1 3 4 3 |  3.6
Throwing       | 3 3 |  3.6

Action                   |  1- 3 |  4- 6 |  7- 9 || total
-------------------------+-------+-------+-------++-------
Melee: Long sword        |   112 |   236 |   460 ||   808
Throw: Throwing net      |       |       |     7 ||     7
       Javelin           |       |       |    20 ||    20
Invok: Sacrifice Skill   |       |       |     1 ||     1
Evoke: Wand              |       |       |     1 ||     1
  Use: Scroll            |     5 |     8 |     5 ||    18
       Potion            |     3 |     1 |    10 ||    14
 Stab: Distracted        |       |     5 |     2 ||     7
       Sleeping          |       |     1 |     1 ||     2
       Held in net/web   |       |       |     3 ||     3
  Eat: Chunk             |     2 |     3 |    22 ||    27
       Meat ration       |       |     1 |       ||     1
       Fruit             |       |     1 |       ||     1
       Royal jelly       |       |       |     1 ||     1
       Bread ration      |       |       |     1 ||     1
Armor: Leather armour    |    54 |    83 |   135 ||   272
Dodge: Dodged            |    97 |   149 |   308 ||   554
Block: Buckler           |       |       |    43 ||    43
       Rpst.: Long sword |    33 |    41 |    89 ||   163
